 Dungeon Sprint DCSS version 0.19.4-10-g532645f (webtiles) character file.

3585558 equalderp2856 the Sabretooth (level 14, 70/70 HPs)
             Began as a Felid Fighter on Feb 25, 2017.
             Was an Initiate of Gozag.
             Escaped with the Orb
             ... and 3 runes!
             The game lasted 01:46:20 (17447 turns).

equalderp2856 the Sabretooth (Felid Fighter)       Turns: 17447, Time: 01:46:21

Health: 70/70      AC:  9    Str: 16    XL:     14   Next: 43%
Magic:  30/30      EV: 46    Int: 17    God:    Gozag
Gold:   3082       SH:  0    Dex: 20    Spells: 6 memorised, 15 levels left
                                        Lives:  0   Deaths: 4

rFire  + . .     SeeInvis +       - Unarmed
rCold  + + .     Gourm    .     (armour unavailable)
rNeg   . . .     Faith    .     (shield unavailable)
rPois  +         Spirit   +     (helmet unavailable)
rElec  .         Reflect  .     (cloak unavailable)
rCorr  .         Harm     .     (gloves unavailable)
MR     ++...     NoTele   +     (boots unavailable)
Stlth  ++++......               R - amulet "Dexaase" {Spirit rPois rC+ Str+2 Int+3}
                                U - ring of Hegisif {rF+ AC+6}
                                Q - ring of Jealousy {EV+6 Dex+4}

@: gold aura, bribing [the Dungeon], quick
A: no armour, no weapons or thrown items, stealth, claws 1, fangs 3, see
invisible, carnivore 3, speed 1, shaggy fur 3, slow metabolism 1, sharp paws
a: Potion Petition, Call Merchant, Bribe Branch, Renounce Religion
0: Orb of Zot
}: 3/15 runes: silver, golden, iron


You escaped.
You worshipped Gozag.
Gozag was most pleased with you.
You were not hungry.

You visited 1 branch You collected 48816 gold pieces.
You spent 2164 gold pieces at shops.
You paid 43570 gold pieces to Gozag.

Inventory:

Jewellery
 d - an uncursed ring of wizardry
 m - a +3 ring of strength
 n - a +3 ring of intelligence
 t - an uncursed ring of protection from fire
 x - an uncursed ring of protection from magic
 L - the ring of Harmony {rN+ Dex+4 SInv}
   (You found it in the Dungeon)

   [ring of positive energy]

   It affects your dexterity (+4).
   It protects you from negative energy.
   It lets you see invisible.
 M - the amulet of the Cricket {Gourm rF+ Slay+3 Stlth+}
   (You found it in the Dungeon)

   [amulet of the gourmand]

   It allows you to eat raw meat even when not hungry.
   It affects your accuracy and damage with ranged weapons and melee attacks
   (+3).
   It protects you from fire.
   It makes you more stealthy.
 O - the amulet "Ofian" {Spirit rElec Str+2 Slay+2}
   (You found it in the Dungeon)

   [amulet of guardian spirit]

   It causes incoming damage to be split between your health and magic.
   It affects your strength (+2).
   It affects your accuracy and damage with ranged weapons and melee attacks
   (+2).
   It insulates you from electricity.
 P - the amulet "Vucahihubi" {Faith rC+}
   (You found it in the Dungeon)

   [amulet of faith]

   It allows you to gain divine favour quickly.
   It protects you from cold.
 Q - the ring of Jealousy (left paw) {EV+6 Dex+4}
   (You found it in the Dungeon)

   [ring of evasion]

   It affects your evasion (+6).
   It affects your dexterity (+4).
 R - the amulet "Dexaase" (around neck) {Spirit rPois rC+ Str+2 Int+3}
   (You found it in the Dungeon)

   [amulet of guardian spirit]

   It causes incoming damage to be split between your health and magic.
   It affects your strength (+2).
   It affects your intelligence (+3).
   It protects you from cold.
   It protects you from poison.
 S - the ring "Nupera Wosm" {rPois rC+ Str+3 Dex+4 SInv}
   (You found it in the Dungeon)

   [ring of protection from cold]

   It affects your strength (+3).
   It affects your dexterity (+4).
   It protects you from cold.
   It protects you from poison.
   It lets you see invisible.
 T - the ring of Votzajal {rF+ rC+++ rN+ Str-4 Slay+3}
   (You found it in the Dungeon)

   [ring of positive energy]

   It affects your strength (-4).
   It affects your accuracy and damage with ranged weapons and melee attacks
   (+3).
   It protects you from fire.
   It renders you almost immune to cold.
   It protects you from negative energy.
 U - the ring of Hegisif (right paw) {rF+ AC+6}
   (You found it in the Dungeon)

   [ring of protection]

   It affects your AC (+6).
   It protects you from fire.
 W - the amulet "Liut" {Reflect Dex+3 SH+4}
   (You found it in the Dungeon)

   [amulet of reflection]

   It shields you and reflects attacks.
   It affects your dexterity (+3).
   It affects your SH (+4).
 Z - the cursed ring "Noesuch" {rPois Slay-4 Stlth+}
   (You took it off an angel in the Dungeon)

   [ring of slaying]

   It affects your accuracy and damage with ranged weapons and melee attacks
   (-4).
   It protects you from poison.
   It makes you more stealthy.
   It has a curse placed upon it.
Wands
 N - a wand of paralysis (11/24)
 V - a wand of hasting (5/9)
 X - a wand of heal wounds (0/9)
Scrolls
 h - 4 scrolls of blinking
 j - 6 scrolls of remove curse
 k - 5 scrolls of amnesia
 l - a scroll of summoning
 r - 9 scrolls of identify
 u - 3 scrolls of recharging
 v - 6 scrolls of fear
 K - a scroll of acquirement
Potions
 a - 8 potions of might
 c - 7 potions of curing
 e - 5 potions of haste
 f - 2 potions of magic
 g - 4 potions of berserk rage
 i - 2 potions of invisibility
 o - 10 potions of brilliance
 p - 6 potions of agility
 q - 5 potions of cure mutation
 w - 5 potions of heal wounds
Books
 s - a Young Poisoner's Handbook

   Spells                             Type                      Level
   a - Sting                          Conjuration/Poison           1
   b - Mephitic Cloud                 Conjuration/Poison/Air       3
   c - Olgreb's Toxic Radiance        Poison                       4
   d - Alistair's Intoxication        Transmutation/Poison         5
   e - Venom Bolt                     Conjuration/Poison           5
 y - the Guide on Envenoming
   (You found it in the Dungeon)

   Spells                             Type                      Level
   a - Sting                          Conjuration/Poison           1
   b - Olgreb's Toxic Radiance        Poison                       4
   c - Venom Bolt                     Conjuration/Poison           5
   d - Poisonous Cloud                Conjuration/Poison/Air       6
 z - a book of Ice

   Spells                             Type                      Level
   a - Ice Form                       Ice/Transmutation            4
   b - Metabolic Englaciation         Hexes/Ice                    5
   c - Ozocubu's Refrigeration        Ice                          6
   d - Bolt of Cold                   Conjuration/Ice              6
   e - Freezing Cloud                 Conjuration/Ice/Air          6
   f - Simulacrum                     Ice/Necromancy               6
 A - a book of Conjurations

   Spells                             Type                      Level
   a - Magic Dart                     Conjuration                  1
   b - Searing Ray                    Conjuration                  2
   c - Dazzling Spray                 Conjuration/Hexes            3
   d - Fulminant Prism                Conjuration/Hexes            4
   e - Iskenderun's Mystic Blast      Conjuration                  4
   f - Iskenderun's Battlesphere      Conjuration/Charms           5
 B - the Incunabulum of Mutagenic Darkness
   (You found it in the Dungeon)

   Spells                             Type                      Level
   a - Sublimation of Blood           Necromancy                   2
   b - Regeneration                   Charms/Necromancy            3
   c - Ignite Poison                  Fire/Transmutation/Poison    3
   d - Irradiate                      Conjuration/Transmutation    5
   e - Simulacrum                     Ice/Necromancy               6
 C - the Tome of Lucky Orientation
   (You found it in the Dungeon)

   Spells                             Type                      Level
   a - Ozocubu's Armour               Charms/Ice                   3
   b - Lesser Beckoning               Translocation                3
   c - Force Lance                    Conjuration/Translocation    4
   d - Iskenderun's Battlesphere      Conjuration/Charms           5
 D - Okhlo's Almanac of Gliding Stolen Souls
   (You found it in the Dungeon)

   Spells                             Type                      Level
   a - Shock                          Conjuration/Air              1
   b - Summon Lightning Spire         Summoning/Air                4
   c - Lightning Bolt                 Conjuration/Air              5
   d - Agony                          Necromancy                   5
   e - Cigotuvi's Embrace             Necromancy                   5
 E - a book of Spatial Translocations

   Spells                             Type                      Level
   a - Blink                          Translocation                2
   b - Shroud of Golubria             Charms/Translocation         2
   c - Lesser Beckoning               Translocation                3
   d - Portal Projectile              Translocation                3
   e - Teleport Other                 Translocation                3
   f - Passage of Golubria            Translocation                4
 F - a book of Fire

   Spells                             Type                      Level
   a - Ignite Poison                  Fire/Transmutation/Poison    3
   b - Fireball                       Conjuration/Fire             5
   c - Bolt of Fire                   Conjuration/Fire             6
   d - Delayed Fireball               Conjuration/Fire             7
   e - Ring of Flames                 Charms/Fire                  7
 G - Gujaul's Collected Works on Cloudy Snow
   (You found it in the Dungeon)

   Spells                             Type                      Level
   a - Airstrike                      Air                          4
   b - Summon Lightning Spire         Summoning/Air                4
   c - Conjure Ball Lightning         Conjuration/Air              6
   d - Ozocubu's Refrigeration        Ice                          6
 H - a book of Debilitation

   Spells                             Type                      Level
   a - Corona                         Hexes                        1
   b - Slow                           Hexes                        2
   c - Gell's Gravitas                Hexes/Translocation          3
   d - Inner Flame                    Hexes/Fire                   3
   e - Cause Fear                     Hexes                        4
   f - Leda's Liquefaction            Hexes/Earth                  4
 I - the Tome of Lucky Air
   (You found it in the Dungeon)

   Spells                             Type                      Level
   a - Song of Slaying                Charms                       2
   b - Ozocubu's Armour               Charms/Ice                   3
   c - Static Discharge               Conjuration/Air              3
   d - Excruciating Wounds            Charms/Necromancy            5
 J - a book of Callings

   Spells                             Type                      Level
   a - Summon Small Mammal            Summoning                    1
   b - Call Imp                       Summoning                    2
   c - Call Canine Familiar           Summoning                    3
   d - Summon Guardian Golem          Hexes/Summoning              3
   e - Summon Lightning Spire         Summoning/Air                4
   f - Summon Ice Beast               Ice/Summoning                4
Comestibles
 b - 8 meat rations
 Y - 4 royal jellies


   Skills:
 + Level 13.4 Fighting
 O Level 27 Dodging
 O Level 27 Stealth
 O Level 27 Unarmed Combat
 + Level 11.9 Spellcasting
 + Level 10.8 Summonings
 + Level 12.7 Ice Magic
 + Level 8.7 Evocations


You had 15 spell levels left.
You knew the following spells:

 Your Spells              Type           Power        Failure   Level  Hunger
a - Slow                  Hex            ##......     14%         2    None
b - Blink                 Tloc           N/A          14%         2    None
c - Summon Ice Beast      Ice/Summ       ######..     1%          4    ##.....
d - Bolt of Cold          Conj/Ice       ####......   85%         6    ######.
e - Swiftness             Chrm/Air       ##......     14%         2    None
f - Summon Mana Viper     Hex/Summ       ####....     24%         5    ####...


Dungeon Overview and Level Annotations

Branches:
Dungeon (1/1)

Altars:
Ashenzari
Cheibriados
Dithmenos
Elyvilon
Fedhas
Gozag
Hepliaklqana
Kikubaaqudgha
Makhleb
Nemelex Xobeh
Okawaru
Qazlal
Ru
Sif Muna
Trog
Uskayaw
Vehumet
Xom
Yredelemnul
Zin
The Shining One
Beogh
Jiyva
Lugonu

Shops:
D *:

Annotations:
D Murray


Innate Abilities, Weirdness & Mutations

You cannot wear armour.
You are incapable of wielding weapons or throwing items.
Your paws allow you to move quietly. (Stealth)
You have sharp claws.
You have razor-sharp teeth.
You have supernaturally acute eyesight. (SInv)
You are carnivorous and can eat meat at any time.
You cover ground quickly.
Your thick and shaggy fur keeps you warm. (AC +3, rC+)
You have a slow metabolism.
Your sharp claws are effective at attacking unaware monsters.


Message History

Your Brimstone Fiend completely resists.
Your Brimstone Fiend gestures at the sun demon.
The sphere of damnation explodes!
The damnation engulfs the sun demon.
The damnation engulfs your Brimstone Fiend.
Your Brimstone Fiend completely resists.
The damnation engulfs your greater mummy.
Your greater mummy casts a spell.
Your greater mummy gestures wildly while chanting.
The sun demon hits your Brimstone Fiend but does no damage.
Your death scarab bites the sun demon.
Your death scarab drains the sun demon's vigour!
The sun demon seems to slow down.
Your Brimstone Fiend hits the sun demon!
The sun demon dies!
Unknown command.
Unknown command.
You can't go down here!
Unknown command.
You can't go down here!
You have escaped!

##########.##............[...''..
#...[).[....'..............(.('..
#'#####'#####......#..#.....(##..
#.#..#..#).##....$........(..##..
#1#..'..'..#####'#####''#########
#.##'####'###.......##''#########
#.#........##..1M...##..#........
#.#........##.1LC1.3##..##.......
#[#####'#####.WZ@VM.##[.####...#[
#.#..[)))..##..Zzn..##M.#..#####)
#.#..[)))..##.......##..#....##..
#'###########.......##..C...M.#..
#.......#..###########..'....Czzz
#..###..#.############..'[....#..
#.......#.#(...#..[[##..#...(##.[
##.###.##[#....#..[[##..#..#####.
#.......#.((...'..))##..####...#'


You could see a neutral ynoxinul (wandering), 2 friendly greater mummies, the
friendly Murray, a friendly ancient lich, a friendly Tzitzimitl, a friendly
frost giant, 2 friendly Brimstone Fiends, a friendly jiangshi, a friendly hungry
ghost, a friendly necrophage, a friendly adder simulacrum and a friendly bat
zombie.

Vanquished Creatures
  Jory (D)
  A pearl dragon (D)
  A bone dragon (D)
  2 Orb Guardians (D)
  2 quicksilver dragons (D)
  2 acid blobs (D)
  An Executioner (D)
  A sphinx (D)
  A storm dragon (D)
  An angel (D)
  3 ghost moths (D)
  A deep elf demonologist (D)
  A dire elephant (D)
  A blizzard demon (D)
  A mummy priest (D)
  A death ooze (D)
  A deep elf high priest (D)
  An ice dragon (D)
  A naga warrior (D)
  An ogre mage (D)
  2 vampire magi (D)
  2 sixfirhies (D)
  A sea snake (D)
  3 lindwurms (D)
  A cherub (D)
  An orc knight (D)
  A swamp dragon (D)
  A deep elf mage (D)
  An elephant (D)
  A rime drake (D)
  A komodo dragon (D)
  A demonic crawler (D)
  A red devil (D)
  A jumping spider (D)
  A tyrant leech (D)
  A wind drake (D)
  13 dream sheep (D)
  3 snapping turtles (D)
  An air elemental (D)
  7 redbacks (D)
  2 tarantellas (D)
  A flying skull (D)
  A wyvern (D)
  2 ynoxinuls (D)
  A fire bat (D)
  A steam dragon (D)
  2 basilisks (D)
  5 yaks (D)
  A neqoxec (D)
  3 mottled dragons (D)
  A soldier ant (D)
  A water moccasin (D)
  A swamp drake (D)
  An orc warrior (D)
  A sky beast (D)
  An eye of draining (D)
  A crocodile (D)
  A centaur (D)
  6 killer bees (D)
  5 wights (D)
  A crimson imp (D)
  2 quasits (D)
  An orc priest (D)
  Crazy Yiuf (D)
  An iguana (D)
  An orc wizard (D)
  2 hell rats (D)
  A worker ant (D)
  2 mummies (D)
  A gnoll (D)
  An adder (D)
  A river rat (D)
  An ufetubus (D)
  2 oozes (D)
  A worm (D)
  A leopard gecko (D)
  3 orcs (D)
  A ball python (D)
  A bat zombie (D)
  2 giant cockroaches (D)
  2 jackals (D)
  A quokka (D)
  A giant cockroach simulacrum (D)
  A quokka skeleton (D)
  3 rats (D)
142 creatures vanquished.

Vanquished Creatures (collateral kills)
  Gloorx Vloq (D)
  Ereshkigal (D)
  Mnoleg (D)
  An ancient lich (D)
  3 greater mummies (D)
  3 golden dragons (D)
  3 pearl dragons (D)
  A Tzitzimitl (D)
  3 electric golems (D)
  2 hellephants (D)
  2 deep elf master archers (D)
  6 Orb Guardians (D)
  A deep elf blademaster (D)
  2 titans (D)
  A death cob (D)
  4 acid blobs (D)
  An eldritch tentacle (D)
  A storm dragon (D)
  4 daevas (D)
  3 shadow dragons (D)
  A deep elf sorcerer (D)
  A frost giant (D)
  A nagaraja (D)
  2 draconian scorchers (D)
  A cacodemon (D)
  5 angels (D)
  An orc warlord (D)
  A balrug (D)
  2 ghost moths (D)
  2 reapers (D)
  A draconian annihilator (D)
  An ophan (D)
  A stone giant (D)
  2 apis (D)
  A vampire knight (D)
  A deep elf demonologist (D)
  3 dire elephants (D)
  A purple draconian (D)
  A yellow draconian (D)
  An ettin (D)
  A minotaur (D)
  A deep elf death mage (D)
  A death ooze (D)
  5 fire dragons (D)
  A hell beast (D)
  A spriggan air mage (D)
  7 hydras (D)
  A naga warrior (D)
  An ice dragon (D)
  A catoblepas (D)
  3 alligator snapping turtles (D)
  A death knight (D)
  2 dancing weapons (D)
  5 hell hogs (D)
  A soul eater (D)
  3 lindwurms (D)
  A spriggan (D)
  2 sun demons (D)
  A hell knight (D)
  7 cherubim (D)
  An iron troll (D)
  A wizard (D)
  An orc knight (D)
  8 swamp dragons (D)
  An orb spider (shapeshifter) (D)
  A rust devil (D)
  A smoke demon (D)
  A molten gargoyle (D)
  An eye of devastation (D)
  A spiny frog (D)
  3 komodo dragons (D)
  2 trolls (D)
  A hornet (D)
  A wind drake (D)
  A hippogriff (D)
  A vampire (D)
  4 wyverns (D)
  2 ynoxinuls (D)
  5 basilisks (D)
  2 fire elementals (D)
  A neqoxec (D)
  4 steam dragons (D)
  A chaos spawn (D)
  A naga (D)
  5 hell hounds (D)
  A floating eye (D)
  An orc warrior (D)
  A swamp drake (D)
  An eye of draining (D)
  An earth elemental (D)
  An orc priest (D)
  An ooze (D)
  4 orcs (D)
  A hobgoblin (D)
  A quokka (D)
  A bat (D)
  A quokka zombie (D)
186 creatures vanquished.

Vanquished Creatures (others)
  Antaeus (D)
  2 orbs of fire (D)
  An ancient lich (D)
  3 greater mummies (D)
  Frederick (D)
  Boris (D)
  Saint Roka (D)
  A curse toe (D)
  Agnes (D)
  A pearl dragon (D)
  Nikola (D)
  2 Brimstone Fiends (D)
  2 Tzitzimimeh (D)
  An electric golem (D)
  A tentacled monstrosity (D)
  2 pandemonium lords (D)
  2 Hell Sentinels (D)
  A hellephant (D)
  18 Orb Guardians (D)
  3 deep elf blademasters (D)
  3 titans (D)
  An eldritch tentacle (D)
  A storm dragon (D)
  A death cob (D)
  A shadow dragon (D)
  Frances (D)
  A nagaraja (D)
  An azure jelly (D)
  22 daevas (D)
  3 orc warlords (D)
  A fire giant (D)
  3 frost giants (D)
  2 deep elf sorcerers (D)
  2 draconian scorchers (D)
  A draconian shifter (D)
  A ghost moth (D)
  2 balrugs (D)
  14 angels (D)
  A cacodemon (D)
  A draconian caller (D)
  A war gargoyle (D)
  A draconian annihilator (D)
  2 stone giants (D)
  2 deep elf demonologists (D)
  2 green draconians (D)
  4 deep elf annihilators (D)
  2 ettins (D)
  3 mottled draconians (D)
  2 black draconians (D)
  A red draconian (D)
  A yellow draconian (D)
  An eidolon (D)
  3 blizzard demons (D)
  3 green deaths (D)
  A fire dragon (D)
  3 mummy priests (D)
  3 deep elf death magi (D)
  3 deep elf high priests (D)
  A vault guard (D)
  An ice dragon (D)
  A hydra (D)
  A spriggan air mage (D)
  2 naga warriors (D)
  An iron elemental (D)
  2 dancing weapons (D)
  3 ogre magi (D)
  5 hell hogs (D)
  A spriggan berserker (D)
  2 sun demons (D)
  A hell knight (D)
  A deep elf knight (D)
  26 cherubim (D)
  2 swamp dragons (D)
  3 wizards (D)
  5 necromancers (D)
  A lindwurm (D)
  11 orc knights (D)
  An ugly thing (D)
  4 naga magi (D)
  A smoke demon (D)
  An efreet (D)
  4 hellions (D)
  A yaktaur (D)
  An ice devil (D)
  A troll (D)
  2 two-headed ogres (D)
  2 redbacks (D)
  A wyvern (D)
  A golden eye (D)
  A basilisk (D)
  A chaos spawn (D)
  A neqoxec (D)
  A naga (D)
  4 eyes of draining (D)
  2 orc warriors (D)
  5 ogres (D)
  A centaur (D)
  A big kobold (D)
  A white imp (D)
  3 orcs (D)
258 creatures vanquished.

Grand Total: 586 creatures vanquished

Notes
Turn   | Place    | Note
-------+----------+-------------------------------------------
     0 | D        | equalderp2856 the Felid Fighter began the quest for the Orb.
     0 | D        | Reached XP level 1. HP: 10/10 MP: 2/2
    51 | D        | Reached skill level 5 in Unarmed Combat
    52 | D        | Noticed an orc warrior
    62 | D        | Reached XP level 2. HP: 14/14 MP: 3/3
    77 | D        | Reached skill level 5 in Dodging
    96 | D        | Reached XP level 3. HP: 18/18 MP: 4/4
   102 | D        | Found a radiant altar of Vehumet.
   102 | D        | Found a hide-covered altar of Uskayaw.
   102 | D        | Found an ancient bone altar of Kikubaaqudgha.
   102 | D        | Found a viscous altar of Jiyva.
   102 | D        | Found a hazy altar of Hepliaklqana.
   103 | D        | Found a bloodstained altar of Trog.
   103 | D        | Found a deep blue altar of Sif Muna.
   103 | D        | Found a sacrificial altar of Ru.
   103 | D        | Found a stormy altar of Qazlal.
   103 | D        | Found an iron altar of Okawaru.
   103 | D        | Found a sparkling altar of Nemelex Xobeh.
   103 | D        | Found an opulent altar of Gozag.
   103 | D        | Found a blossoming altar of Fedhas.
   103 | D        | Found a white marble altar of Elyvilon.
   103 | D        | Found a shadowy altar of Dithmenos.
   103 | D        | Found a snail-covered altar of Cheibriados.
   104 | D        | Found a glowing golden altar of the Shining One.
   104 | D        | Found a glowing silver altar of Zin.
   106 | D        | Found a roughly hewn altar of Beogh.
   106 | D        | Found a burning altar of Makhleb.
   106 | D        | Found a basalt altar of Yredelemnul.
   107 | D        | Found a shattered altar of Ashenzari.
   107 | D        | Found a corrupted altar of Lugonu.
   107 | D        | Found a shimmering altar of Xom.
   109 | D        | Became a worshipper of Gozag Ym Sagoz the Greedy
   146 | D        | Noticed Crazy Yiuf
   149 | D        | Killed an orc warrior
   149 | D        | Reached skill level 1 in Stealth
   149 | D        | Reached XP level 4. HP: 22/22 MP: 5/5
   152 | D        | Reached skill level 5 in Fighting
   152 | D        | Reached XP level 5. HP: 26/26 MP: 6/6
   156 | D        | Killed Crazy Yiuf
   219 | D        | Reached skill level 10 in Unarmed Combat
   417 | D        | Noticed a mottled dragon
   419 | D        | Killed a mottled dragon
   419 | D        | Gained mutation: You are covered in thick fur. (AC +2) [Felid growth]
   419 | D        | Reached XP level 6. HP: 31/31 MP: 7/7
   422 | D        | Noticed a flying skull
   426 | D        | Reached skill level 5 in Stealth
   433 | D        | Killed a flying skull
   433 | D        | Reached XP level 7. HP: 28/34 MP: 8/8
   490 | D        | Noticed a jumping spider
   501 | D        | HP: 1/34 [jumping spider (20)]
   519 | D        | Reached skill level 10 in Dodging
   531 | D        | Killed a jumping spider
   650 | D        | Noticed a redback
   668 | D        | Killed a redback
   668 | D        | Reached XP level 8. HP: 18/39 MP: 9/9
   855 | D        | Noticed a deep elf mage
   865 | D        | Noticed a dream sheep
   865 | D        | Noticed a dream sheep
   865 | D        | Noticed a dream sheep
   865 | D        | Noticed a dream sheep
   865 | D        | Noticed a dream sheep
   865 | D        | Noticed a dream sheep
   865 | D        | Noticed a red devil
   873 | D        | Killed a red devil
   873 | D        | Reached skill level 10 in Stealth
   874 | D        | Noticed a sea snake
   879 | D        | Killed a dream sheep
   962 | D        | Noticed a dream sheep
  1085 | D        | Killed a dream sheep
  1140 | D        | Killed a dream sheep
  1140 | D        | Reached skill level 15 in Unarmed Combat
  1140 | D        | Reached XP level 9. HP: 42/42 MP: 10/10
  1410 | D        | Killed a sea snake
  1437 | D        | Noticed an efreet
  1437 | D        | Noticed a sphinx
  1438 | D        | Noticed an elephant
  1474 | D        | HP: 1/42 [redback (10)]
  1476 | D        | Reached XP level 10. HP: 31/47 MP: 11/11
  1516 | D        | Slain by a sphinx
  1517 | D        | Reached XP level 9. HP: -5/43 MP: 10/10
  1533 | D        | Paralysed by a sphinx for 3 turns
  1541 | D        | Paralysed by a sphinx for 4 turns
  1551 | D        | Slain by a sphinx
  1552 | D        | Reached XP level 8. HP: -2/40 MP: 9/9
  1577 | D        | Killed a sphinx
  1577 | D        | Reached XP level 9. HP: 43/43 MP: 10/10
  1676 | D        | Reached skill level 15 in Stealth
  1735 | D        | Killed an elephant
  1988 | D        | Killed a deep elf mage
  1988 | D        | Reached XP level 10. HP: 46/47 MP: 11/11
  2456 | D        | Noticed a molten gargoyle
  2458 | D        | Noticed a vampire mage
  2458 | D        | Noticed a wizard
  2458 | D        | Noticed a smoke demon
  2467 | D        | Killed a smoke demon
  2491 | D        | Killed a vampire mage
  2716 | D        | Noticed a ghost moth
  2733 | D        | Killed a ghost moth
  2769 | D        | Reached skill level 15 in Dodging
  2769 | D        | Reached XP level 11. HP: 45/51 MP: 4/12
  2981 | D        | Noticed a lindwurm
  2986 | D        | Killed a lindwurm
  3012 | D        | Noticed a stone giant
  3012 | D        | Noticed a mummy priest
  3013 | D        | Noticed Frances
  3014 | D        | Noticed a sixfirhy
  3014 | D        | Noticed a black draconian
  3021 | D        | Killed a deep elf annihilator
  3029 | D        | Killed an ogre mage
  3033 | D        | Killed a black draconian
  3036 | D        | Killed a deep elf death mage
  3039 | D        | Killed a stone giant
  3117 | D        | Killed a mummy priest
  3132 | D        | Noticed a vampire mage
  3133 | D        | Noticed an ogre mage
  3135 | D        | Noticed an ogre mage
  3135 | D        | Noticed a black draconian
  3142 | D        | Noticed a red draconian annihilator
  3142 | D        | Killed a black draconian
  3151 | D        | Noticed a deep elf demonologist
  3172 | D        | Killed a vampire mage
  3177 | D        | Killed an ogre mage
  3200 | D        | Noticed a balrug
  3202 | D        | Killed a deep elf demonologist
  3204 | D        | Noticed a deep elf high priest
  3220 | D        | Noticed a red draconian
  3222 | D        | Noticed a deep elf annihilator
  3222 | D        | Killed a deep elf high priest
  3223 | D        | Noticed a deep elf high priest
  3226 | D        | Noticed a mottled draconian
  3228 | D        | Killed a deep elf high priest
  3230 | D        | Noticed a bone dragon
  3233 | D        | Noticed a green death
  3236 | D        | Killed a green death
  3255 | D        | Killed a mottled draconian
  3260 | D        | Killed a deep elf annihilator
  3262 | D        | Killed a red draconian
  3309 | D        | Killed Frances
  3458 | D        | Noticed a wizard
  3459 | D        | Noticed an orc knight
  3459 | D        | Noticed an orc knight
  3459 | D        | Noticed an orc knight
  3459 | D        | Noticed an orc knight
  3460 | D        | Killed an orc knight
  3461 | D        | Noticed an orc warlord
  3461 | D        | Noticed an orc warlord
  3461 | D        | Noticed an orc knight
  3462 | D        | Noticed an orc knight
  3462 | D        | Noticed an orc knight
  3463 | D        | Killed an orc knight
  3464 | D        | Killed an orc knight
  3467 | D        | Noticed an orc knight
  3468 | D        | Noticed an orc knight
  3470 | D        | Killed a wizard
  3471 | D        | Noticed a naga warrior
  3472 | D        | Killed an orc knight
  3472 | D        | Killed a deep elf knight
  3472 | D        | Killed an orc knight
  3473 | D        | Killed an orc warlord
  3480 | D        | Killed a red draconian annihilator
  3481 | D        | Killed a naga warrior
  3483 | D        | Killed an orc knight
  3485 | D        | Noticed a green draconian
  3486 | D        | Noticed a vault guard
  3491 | D        | Noticed a naga warrior
  3493 | D        | Killed a vault guard
  3494 | D        | Killed an orc knight
  3494 | D        | Killed a naga warrior
  3495 | D        | Noticed an ice dragon
  3497 | D        | Noticed an orc knight
  3500 | D        | Noticed a naga warrior
  3507 | D        | Killed a naga warrior
  3515 | D        | Killed an ice dragon
  3692 | D        | Killed a naga warrior
  3700 | D        | Killed an orc knight
  3711 | D        | Killed an orc knight
  3716 | D        | Killed a bone dragon
  3827 | D        | Identified the Guide on Envenoming (You found it in the Dungeon)
  3842 | D        | Identified the Incunabulum of Mutagenic Darkness (You found it in the Dungeon)
  3845 | D        | Identified the Tome of Lucky Orientation (You found it in the Dungeon)
  3850 | D        | Identified Okhlo's Almanac of Gliding Stolen Souls (You found it in the Dungeon)
  3858 | D        | Identified Gujaul's Collected Works on Cloudy Snow (You found it in the Dungeon)
  3866 | D        | Identified the Tome of Lucky Air (You found it in the Dungeon)
  3921 | D        | Got the amulet "Duityce" {Inacc rF+++ Int-3 Dex+5}
  3923 | D        | Got the amulet of the Cricket {Gourm rF+ Slay+3 Stlth+}
  3925 | D        | Got the amulet of Acizixo {+Fly rC+ Regen+ Int+5 Slay-6}
  3927 | D        | Got the amulet "Ofian" {Spirit rElec Str+2 Slay+2}
  3930 | D        | Got the amulet "Vucahihubi" {Faith rC+}
  3932 | D        | Got the amulet of Greater Demons {Reflect Slay+2 SH+2 SInv}
  3934 | D        | Got the amulet "Dexaase" {Spirit rPois rC+ Str+2 Int+3}
  3936 | D        | Got the amulet "Pegiusept" {Faith *Drain Int+3 Slay+3}
  3938 | D        | Got the amulet of the Messenger {Spirit +Blink Str-4 Int+5}
  3940 | D        | Got the amulet "Lekuewn" {*Slow +Rage rElec Slay+2}
  3943 | D        | Got the amulet of Igifuc {Reflect +Fly rElec Int-5 SH+4}
  3946 | D        | Got the amulet "Liut" {Reflect Dex+3 SH+4}
  3970 | D        | Got the ring of Harmony {rN+ Dex+4 SInv}
  3973 | D        | Got the ring of Vauwocvade {MP+9 Int+2 Stlth-}
  3984 | D        | Got the ring of Jealousy {EV+6 Dex+4}
  3986 | D        | Got the ring "Nupera Wosm" {rPois rC+ Str+3 Dex+4 SInv}
  3988 | D        | Got the ring of Votzajal {rF+ rC+++ rN+ Str-4 Slay+3}
  3990 | D        | Got the ring "Taof" {Dex+4 SInv}
  3992 | D        | Got the ring of Beoheil {*Contam +Fly MP+9 AC+6}
  3994 | D        | Got the ring "Gimy" {rF+ Int+4 Dex+6 Stlth-}
  3997 | D        | Got the ring of the Bouncing Beds {rElec rF+ MR+ Dex+3}
  3999 | D        | Got the ring of the Meadowlark {rPois Str+6 Dex+3 Stlth-}
  4012 | D        | Got the ring of Eleef {*Slow +Inv rC+ rN+++ Dex-3}
  4014 | D        | Got the ring of Hegisif {rF+ AC+6}
  4016 | D        | Got the ring of Hoirghem {Ice MR+ Str+3}
  4018 | D        | Got the ring "Pecsepru" {rPois rC+}
  4034 | D        | Got the ring of Gynidaih {*Corrode +Blink rF+ rN+ Slay+2}
  4191 | D        | Noticed a sixfirhy
  4191 | D        | Noticed a dire elephant
  4199 | D        | Killed a sixfirhy
  4251 | D        | Gained mutation: Your thick and shaggy fur keeps you warm. (AC +3, rC+) [Felid growth]
  4251 | D        | Reached XP level 12. HP: 48/56 MP: 13/13
  4271 | D        | Killed a dire elephant
  4636 | D        | Noticed a quicksilver dragon
  4639 | D        | Killed a quicksilver dragon
  4642 | D        | Noticed a greater mummy
  4645 | D        | Noticed Tengoj the pandemonium lord
  4649 | D        | Noticed Gloorx Vloq
  4773 | D        | Noticed a deep elf blademaster
  4781 | D        | Noticed a death cob
  4781 | D        | Noticed Saint Roka
  4783 | D        | Killed a death cob
  4811 | D        | Noticed a minotaur
  4816 | D        | Noticed a golden dragon
  4819 | D        | Killed a minotaur
  4820 | D        | Noticed a vampire knight
  4822 | D        | Killed a vampire knight
  4880 | D        | Killed a golden dragon
  4952 | D        | Killed a deep elf death mage
  5016 | D        | Got the ring "Humiy" {AC+3 Int+5}
  5133 | D        | Noticed Boris
  5133 | D        | Noticed an ice dragon
  5133 | D        | Noticed a balrug
  5133 | D        | Noticed a deep elf high priest
  5135 | D        | Noticed a yellow draconian
  5136 | D        | Killed an ice dragon
  5138 | D        | Killed an angel
  5139 | D        | Noticed a green draconian scorcher
  5139 | D        | Noticed a cacodemon
  5139 | D        | Noticed a titan
  5140 | D        | Noticed a shadow dragon
  5141 | D        | Noticed a deep elf annihilator
  5142 | D        | Noticed a hellephant
  5144 | D        | Killed an acid blob
  5146 | D        | Killed a hellephant
  5149 | D        | Noticed Mara
  5149 | D        | Killed a shadow dragon
  5153 | D        | Your ally died
  5158 | D        | Killed a deep elf sorcerer
  5158 | D        | Reached XP level 13. HP: 60/60 MP: 14/14
  5160 | D        | Noticed a green death
  5170 | D        | Noticed a greater mummy
  5175 | D        | Noticed a blizzard demon
  5175 | D        | Noticed an acid blob
  5178 | D        | Noticed a shadow dragon
  5178 | D        | Noticed a deep elf blademaster
  5182 | D        | Killed a cacodemon
  5182 | D        | Killed a frost giant
  5183 | D        | Noticed a hellephant
  5185 | D        | Noticed a jiangshi
  5187 | D        | Your ally died
  5189 | D        | Killed a greater mummy
  5189 | D        | HP: 2/58 [hellephant/blast of flame (35)]
  5191 | D        | Noticed a mottled draconian
  5198 | D        | Noticed a frost giant
  5198 | D        | Noticed a mottled draconian
  5202 | D        | Killed an acid blob
  5203 | D        | Killed a frost giant
  5211 | D        | Killed a mottled draconian
  5212 | D        | Killed a shadow dragon
  5215 | D        | Killed a balrug
  5216 | D        | Killed a hellephant
  5220 | D        | Killed a mottled draconian
  5268 | D        | Killed an azure jelly
  5294 | D        | Noticed an ettin
  5294 | D        | Noticed a black draconian scorcher
  5295 | D        | Noticed a blizzard demon
  5297 | D        | Noticed a reaper
  5297 | D        | Noticed a blizzard demon
  5298 | D        | Noticed an ettin
  5300 | D        | Noticed a fire dragon
  5301 | D        | Noticed an eidolon
  5305 | D        | Killed a red draconian scorcher
  5307 | D        | Killed a reaper
  5310 | D        | Killed a nagaraja
  5310 | D        | Reached skill level 10 in Fighting
  5311 | D        | Killed a fire dragon
  5312 | D        | Killed an ettin
  5465 | D        | Noticed an orc warlord
  5494 | D        | Noticed a ghost moth
  5532 | D        | Killed a ghost moth
  5611 | D        | Learned a level 2 spell: Slow
  5614 | D        | Learned a level 2 spell: Blink
  5619 | D        | Learned a level 4 spell: Summon Ice Beast
  5628 | D        | Noticed a war gargoyle
  5628 | D        | Noticed an apis
  5639 | D        | Killed an apis
  5639 | D        | Reached skill level 1 in Spellcasting
  5639 | D        | Reached skill level 1 in Ice Magic
  5663 | D        | Killed a war gargoyle
  5668 | D        | Noticed Agnes
  5689 | D        | Noticed a death cob
  5807 | D        | Noticed a deep elf death mage
  5809 | D        | Killed a deep elf death mage
  5810 | D        | Noticed a yellow draconian annihilator
  5825 | D        | Noticed a quicksilver dragon
  5827 | D        | Noticed a mummy priest
  5830 | D        | Noticed a storm dragon
  5832 | D        | Noticed a Brimstone Fiend
  5832 | D        | Killed a quicksilver dragon
  5832 | D        | Reached skill level 5 in Spellcasting
  5832 | D        | Reached skill level 5 in Ice Magic
  5838 | D        | Killed a storm dragon
  5849 | D        | Noticed a jiangshi
  5849 | D        | Killed a mummy priest
  5869 | D        | Noticed a deep elf demonologist
  5876 | D        | Noticed a ghost moth
  5881 | D        | Killed a mummy priest
  5888 | D        | Noticed a death ooze
  5888 | D        | Noticed a shadow dragon
  5892 | D        | Killed a ghost moth
  5900 | D        | Noticed a mummy priest
  5938 | D        | Noticed a frost giant
  5952 | D        | Killed a death ooze
  5961 | D        | Killed a shadow dragon
  5982 | D        | Noticed an ettin
  5983 | D        | Noticed an apis
  5984 | D        | Killed an apis
  5987 | D        | Noticed a yellow draconian
  5989 | D        | Killed a yellow draconian
  5990 | D        | Noticed a deep elf annihilator
  6013 | D        | Killed a greater mummy
  6346 | D        | Learned a level 6 spell: Bolt of Cold
  6373 | D        | Noticed a fire dragon
  6373 | D        | Noticed a golden dragon
  6373 | D        | Noticed a dire elephant
  6373 | D        | Noticed a dire elephant
  6373 | D        | Noticed a fire dragon
  6373 | D        | Noticed a fire dragon
  6373 | D        | Noticed a fire dragon
  6374 | D        | Noticed a fire dragon
  6374 | D        | Noticed a dire elephant
  6404 | D        | Killed a dire elephant
  6407 | D        | Killed a golden dragon
  6426 | D        | Killed a dire elephant
  6426 | D        | Reached XP level 14. HP: 63/66 MP: 27/27
  6496 | D        | Killed an orc warlord
  6530 | D        | Your ally died
  6542 | D        | Killed a Brimstone Fiend
  6837 | D        | Noticed a frost giant
  6908 | D        | Killed a yellow draconian annihilator
  7081 | D        | Noticed a nagaraja
  7093 | D        | Killed a nagaraja
  7470 | D        | Noticed an Orb Guardian
  7470 | D        | Noticed an Orb Guardian
  7470 | D        | Noticed an Orb Guardian
  7470 | D        | Noticed an Orb Guardian
  7471 | D        | Noticed a white draconian caller
  7473 | D        | Noticed a storm dragon
  7473 | D        | Noticed a balrug
  7473 | D        | Noticed a golden dragon
  7474 | D        | Noticed Ereshkigal
  7477 | D        | Noticed an Orb Guardian
  7477 | D        | Noticed an Orb Guardian
  7481 | D        | Noticed an orb of fire
  7481 | D        | Noticed an Orb Guardian
  7481 | D        | Noticed Frederick
  7484 | D        | Noticed a reaper
  7484 | D        | Killed a reaper
  7484 | D        | Reached skill level 1 in Evocations
  7486 | D        | Killed a balrug
  7487 | D        | Killed Ereshkigal
  7488 | D        | Killed a golden dragon
  7488 | D        | Killed a white draconian caller
  7494 | D        | Killed a storm dragon
  7495 | D        | Killed an Orb Guardian
  7499 | D        | Killed an Orb Guardian
  7524 | D        | Killed an Orb Guardian
  7529 | D        | Killed an Orb Guardian
  7584 | D        | Noticed an electric golem
  7589 | D        | Reached skill level 27 in Unarmed Combat
  7591 | D        | Killed an electric golem
  7852 | D        | Got a silver rune of Zot
  8023 | D        | Killed an orc warlord
  8054 | D        | Noticed an Executioner
  8082 | D        | Noticed an Executioner
  8082 | D        | Noticed an Executioner
  8082 | D        | Noticed an Executioner
  8082 | D        | Noticed an Executioner
  8084 | D        | Noticed an Executioner
  8084 | D        | Noticed an Executioner
  8084 | D        | Noticed an Executioner
  8086 | D        | Killed Gloorx Vloq
  8197 | D        | Killed a deep elf sorcerer
  8224 | D        | Killed a pearl dragon
  8433 | D        | Bought the Papyrus of Unstable Protection for 1082 gold pieces
  8433 | D        | Bought the Reference Book on Supportive Stones for 1082 gold pieces
  8454 | D        | Learned a level 2 spell: Swiftness
  8460 | D        | Learned a level 5 spell: Summon Mana Viper
  8559 | D        | Noticed an ancient lich
  8607 | D        | Noticed an electric golem
  8617 | D        | Killed an electric golem
  8617 | D        | Reached skill level 1 in Summonings
  8619 | D        | Noticed Jory
  8624 | D        | Noticed a titan
  8662 | D        | Noticed a Tzitzimitl
  8679 | D        | Noticed an Orb Guardian
  8680 | D        | Noticed an Orb Guardian
  8682 | D        | Noticed an Orb Guardian
  8683 | D        | Noticed a Tzitzimitl
  8686 | D        | Noticed an Orb Guardian
  8686 | D        | Noticed an Orb Guardian
  8695 | D        | Killed an Orb Guardian
  8697 | D        | Your ally died
  8697 | D        | Your ally died
  8698 | D        | Reached XP level 15. HP: 71/72 MP: 28/28
  8698 | D        | Killed an Orb Guardian
  8699 | D        | Killed an Orb Guardian
  8711 | D        | Killed Jory
  8717 | D        | Killed an Orb Guardian
  8746 | D        | Killed an Orb Guardian
  8749 | D        | Killed an Orb Guardian
  8792 | D        | Noticed a deep elf blademaster
  8801 | D        | Killed a deep elf blademaster
  8830 | D        | Noticed a titan
  8842 | D        | Noticed an eldritch tentacle
  8843 | D        | Noticed a tentacled monstrosity
  8845 | D        | Noticed Mnoleg
  8847 | D        | Noticed a tentacled monstrosity
  8851 | D        | Noticed a tentacled monstrosity
  8851 | D        | Noticed a greater mummy
  8851 | D        | Killed an eldritch tentacle
  8852 | D        | Noticed a tentacled monstrosity
  8854 | D        | Your ally Tengoj died
  8855 | D        | Noticed a tentacled monstrosity
  8868 | D        | Noticed an eldritch tentacle
  8878 | D        | Noticed an acid blob
  8879 | D        | Killed an acid blob
  8882 | D        | Killed Mnoleg
  8882 | D        | Reached skill level 5 in Evocations
  8884 | D        | Killed a titan
  8889 | D        | Killed an eldritch tentacle
  9001 | D        | Killed a titan
  9008 | D        | Noticed an ancient lich
  9016 | D        | Noticed a titan
  9025 | D        | Killed a titan
  9058 | D        | Noticed a deep elf master archer
  9060 | D        | Shot with an arrow by a deep elf master archer
  9061 | D        | Reached XP level 14. HP: -1/69 MP: 0/27
  9077 | D        | Killed a deep elf master archer
  9174 | D        | Noticed a deep elf blademaster
  9183 | D        | Killed a deep elf blademaster
  9184 | D        | Paralysed by a floating eye for 4 turns
  9324 | D        | Noticed a greater mummy
  9336 | D        | Killed a greater mummy
  9494 | D        | Noticed a curse toe
  9495 | D        | Noticed an acid blob
  9502 | D        | Killed an acid blob
  9516 | D        | Noticed Antaeus
  9543 | D        | Killed a curse toe
  9546 | D        | Noticed a greater mummy
  9592 | D        | Noticed an Orb Guardian
  9593 | D        | Noticed an Orb Guardian
  9593 | D        | Noticed an Orb Guardian
  9594 | D        | Noticed an Orb Guardian
  9595 | D        | Noticed an Orb Guardian
  9595 | D        | Noticed Murray
  9596 | D        | Noticed an Orb Guardian
  9597 | D        | Noticed an Orb Guardian
  9597 | D        | Noticed an Orb Guardian
  9597 | D        | Noticed an Orb Guardian
  9598 | D        | Noticed an Orb Guardian
  9598 | D        | Noticed an Orb Guardian
  9599 | D        | Noticed an Orb Guardian
  9600 | D        | Killed an Orb Guardian
  9602 | D        | Killed an Orb Guardian
  9604 | D        | Noticed a curse toe
  9604 | D        | Noticed a Hell Sentinel
  9604 | D        | Killed an Orb Guardian
  9612 | D        | Killed an Orb Guardian
  9615 | D        | Killed an Orb Guardian
  9802 | D        | Noticed an ancient lich
  9803 | D        | Killed an Orb Guardian
  9847 | D        | Noticed a greater mummy
  9847 | D        | Killed Antaeus
  9850 | D        | Noticed an Executioner
  9852 | D        | Killed an Executioner
  9855 | D        | Noticed a tentacled monstrosity
  9855 | D        | Noticed a hellephant
  9855 | D        | Noticed a deep elf sorcerer
  9855 | D        | Noticed a Tzitzimitl
  9855 | D        | Noticed a cacodemon
  9857 | D        | Killed a hellephant
 10003 | D        | Killed an Orb Guardian
 10024 | D        | Killed an Orb Guardian
 10390 | D        | Noticed a titan
 10398 | D        | Noticed Pacwodda the pandemonium lord
 10444 | D        | Noticed a stone giant
 10447 | D        | Noticed an acid blob
 10449 | D        | Killed an acid blob
 10449 | D        | Reached skill level 5 in Summonings
 10452 | D        | Noticed a Brimstone Fiend
 10460 | D        | Killed a stone giant
 10857 | D        | Noticed an angel
 10857 | D        | Noticed a daeva
 10857 | D        | Noticed a daeva
 10857 | D        | Noticed a daeva
 10857 | D        | Noticed a daeva
 10857 | D        | Noticed a pearl dragon
 10857 | D        | Noticed an angel
 10857 | D        | Noticed a daeva
 10857 | D        | Noticed an angel
 10857 | D        | Noticed an angel
 10857 | D        | Noticed an angel
 10857 | D        | Noticed an angel
 10857 | D        | Noticed a daeva
 10857 | D        | Noticed an angel
 10857 | D        | Noticed an angel
 10859 | D        | Noticed an angel
 10859 | D        | Noticed an angel
 10859 | D        | Noticed an angel
 10860 | D        | Killed an angel
 10864 | D        | Killed an angel
 10864 | D        | Reached skill level 10 in Ice Magic
 10864 | D        | Killed a pearl dragon
 10865 | D        | Killed a daeva
 10867 | D        | Killed an angel
 10868 | D        | Killed an angel
 10872 | D        | Killed a daeva
 10872 | D        | Killed a daeva
 10873 | D        | Killed an angel
 10874 | D        | Killed an angel
 10874 | D        | Killed a daeva
 10881 | D        | Killed a greater mummy
 10889 | D        | Noticed an angel
 10890 | D        | Noticed an angel
 11124 | D        | Killed a deep elf sorcerer
 11635 | D        | Noticed a daeva
 11741 | D        | Noticed an angel
 11741 | D        | Noticed a daeva
 11741 | D        | Noticed a daeva
 11745 | D        | Noticed a daeva
 11747 | D        | Killed an angel
 11748 | D        | Noticed a daeva
 11756 | D        | Killed a daeva
 11757 | D        | Killed an angel
 11761 | D        | Killed an angel
 11762 | D        | Killed a daeva
 11763 | D        | Noticed an angel
 11771 | D        | Killed an angel
 11772 | D        | Noticed a daeva
 11776 | D        | Noticed an angel
 11778 | D        | Killed an angel
 11779 | D        | Killed an angel
 11779 | D        | Reached skill level 27 in Stealth
 11781 | D        | Noticed a daeva
 11785 | D        | Killed an angel
 11790 | D        | Killed an angel
 11791 | D        | Killed an angel
 11796 | D        | Killed an angel
 11813 | D        | Killed a daeva
 13065 | D        | Noticed a daeva
 13065 | D        | Noticed a daeva
 13065 | D        | Noticed a daeva
 13068 | D        | Noticed a daeva
 13074 | D        | Noticed a daeva
 13074 | D        | Noticed a daeva
 13075 | D        | Noticed a daeva
 13078 | D        | Noticed a daeva
 13083 | D        | Killed a daeva
 13091 | D        | Killed a daeva
 13092 | D        | Killed a daeva
 13100 | D        | Noticed a daeva
 13101 | D        | Killed a daeva
 13103 | D        | Noticed an angel
 13125 | D        | Killed a daeva
 13127 | D        | Noticed a daeva
 13329 | D        | Noticed an acid blob
 13331 | D        | Killed an acid blob
 13335 | D        | Noticed a stone giant
 13340 | D        | Noticed a ghost moth
 13346 | D        | Killed a ghost moth
 13386 | D        | Noticed a pearl dragon
 13388 | D        | Killed a pearl dragon
 13388 | D        | Reached skill level 10 in Spellcasting
 13388 | D        | Reached XP level 15. HP: 73/73 MP: 27/30
 13393 | D        | Noticed a ghost moth
 13396 | D        | Killed a ghost moth
 13403 | D        | Noticed a Hell Sentinel
 13404 | D        | Noticed a ghost moth
 13407 | D        | Killed a ghost moth
 13430 | D        | Noticed a greater mummy
 13437 | D        | Reached skill level 27 in Dodging
 13447 | D        | Noticed a frost giant
 13450 | D        | Noticed an orc warlord
 13453 | D        | Noticed a pearl dragon
 13459 | D        | Killed a pearl dragon
 13632 | D        | Noticed a daeva
 13637 | D        | Noticed a deep elf master archer
 13650 | D        | Noticed a purple draconian scorcher
 13654 | D        | Killed a deep elf master archer
 13654 | D        | Killed a daeva
 13659 | D        | Killed an orc warlord
 13696 | D        | Killed a daeva
 13710 | D        | Killed a daeva
 13719 | D        | Killed a Hell Sentinel
 13786 | D        | Killed a daeva
 13840 | D        | Killed a daeva
 14126 | D        | Noticed a daeva
 14635 | D        | Got the cursed ring "Noesuch" {rPois Slay-4 Stlth+}
 14682 | D        | Got a golden rune of Zot
 15613 | D        | Noticed an electric golem
 15625 | D        | Killed an electric golem
 15637 | D        | Noticed an electric golem
 15638 | D        | Noticed a fire giant
 15649 | D        | Noticed a pearl dragon
 15656 | D        | Killed a pearl dragon
 15660 | D        | Killed an electric golem
 15667 | D        | Killed from afar by an orb of fire
 15668 | D        | Reached XP level 14. HP: -5/70 MP: 0/30
 15672 | D        | Your ally Pacwodda died
 15683 | D        | Killed a fire giant
 15690 | D        | Killed an orb of fire
 15690 | D        | Reached skill level 10 in Summonings
 15700 | D        | Killed a balrug
 15773 | D        | Noticed a Brimstone Fiend
 16496 | D        | Noticed a storm dragon
 16498 | D        | Killed a storm dragon
 16502 | D        | Noticed Nikola
 16516 | D        | Noticed a Tzitzimitl
 16521 | D        | Noticed a green draconian shifter
 16525 | D        | Noticed a shadow dragon
 16526 | D        | Noticed a Brimstone Fiend
 16533 | D        | Killed a green draconian shifter
 16534 | D        | Killed a Tzitzimitl
 16536 | D        | Your ally died
 16542 | D        | Killed a shadow dragon
 16640 | D        | Noticed a titan
 16641 | D        | Noticed Joecovao the pandemonium lord
 16645 | D        | Noticed a greater mummy
 16651 | D        | Noticed an Ice Fiend
 16654 | D        | Noticed a greater mummy
 16656 | D        | Noticed an orb of fire
 16661 | D        | Noticed an orb of fire
 16673 | D        | Got an iron rune of Zot
 17220 | D        | Got the Orb of Zot
 17287 | D        | Killed a daeva
 17447 | D        | Escaped with the Orb!

Skill      XL: |  1  2  3  4  5  6  7  8  9 10 11 12 13 14 15 |
---------------+----------------------------------------------+-----
Unarmed Combat | 5 6 8 9 11 12 13 18 16 20 21 23 25 27 | 27.0
Dodging        | 5 7 8 9 10 14 13 15 16 18 19 26 27 | 27.0
Fighting       | 4 5 6 7 8 9 10 13 12 | 13.4
Stealth        | 1 4 6 9 14 15 17 20 21 22 27 25 | 27.0
Spellcasting   | 8 10 11 | 11.9
Ice Magic      | 8 11 12 | 12.7
Evocations     | 7 8 |  8.7
Summonings     | 10 9 | 10.8

Action                   |  1- 3 |  4- 6 |  7- 9 | 10-12 | 13-15 || total
-------------------------+-------+-------+-------+-------+-------++-------
Melee: Unarmed           |    28 |    40 |   140 |   160 |    94 ||   462
       Punch             |     2 |     1 |    16 |    18 |     9 ||    46
       Bite              |     2 |     2 |    11 |    13 |    11 ||    39
 Cast: Summon Ice Beast  |       |       |       |       |    12 ||    12
Invok: Potion Petition   |       |       |     1 |       |       ||     1
       Bribe Branch      |       |       |       |     2 |    12 ||    14
       Call Merchant     |       |       |       |     1 |     1 ||     2
Evoke: Wand              |       |       |       |       |     6 ||     6
  Use: Potion            |     1 |     1 |     7 |     3 |    17 ||    29
       Scroll            |       |       |       |       |     1 ||     1
 Stab: Sleeping          |     1 |     4 |     6 |     5 |    10 ||    26
       Distracted        |       |     1 |     2 |     5 |     4 ||    12
  Eat: Meat ration       |       |       |       |     1 |     2 ||     3
       Royal jelly       |       |       |       |       |     2 ||     2
Armor: Skin              |       |     1 |     3 |     3 |     7 ||    14
Dodge: Dodged            |     8 |    42 |   138 |   165 |   183 ||   536
